 Dungeon Crawl Stone Soup version 0.21-a0-404-g291f19a (webtiles) character file.

1099 Heskey the Skirmisher (level 8, 0/65 HPs)
             Began as a Barachi Fighter on Oct 27, 2017.
             Killed by nerve-wracking pain
             ... invoked by Grinder
              (13 damage)
             ... on level 4 of the Dungeon.
             The game lasted 00:07:48 (3358 turns).

Heskey the Skirmisher (Barachi Fighter)             Turns: 3358, Time: 00:07:50

Health: 0/65       AC:  9    Str: 20    XL:     8   Next: 32%
Magic:  8/8        EV:  8    Int:  9    God:
Gold:   158        SH: 11    Dex: 11    Spells: 7/7 levels left

rFire    . . .     SeeInvis .   a - +0 flail
rCold    . . .     Gourm    .   c - +1 shield
rNeg     . . .     Faith    .   b - +0 scale mail
rPois    .         Spirit   .   (no helmet)
rElec    .         Reflect  .   (no cloak)
rCorr    .         Harm     .   (no gloves)
MR       .....                  l - +0 pair of boots
Stlth    ..........             e - amulet of regeneration
HPRegen  0.60/turn              (no ring)
MPRegen  0.11/turn              (no ring)

@: slow
A: +LOS, swims, slowness 1, strong legs 1
a: Hop


You were on level 4 of the Dungeon.
You were not hungry.

You visited 1 branch of the dungeon, and saw 4 of its levels.

You collected 158 gold pieces.

Inventory:

Hand Weapons
 a - a +0 flail (weapon)
Armour
 b - a +0 scale mail (worn)
 c - a +1 shield (worn)
 l - a +0 pair of boots (worn)
Jewellery
 e - an amulet of regeneration (around neck)
 t - a +2 ring of strength
Scrolls
 j - a scroll of remove curse
 n - a scroll of identify
 s - a scroll of amnesia {unknown}
 u - a scroll of magic mapping {unknown}
 v - 3 scrolls of fear {unknown}
Potions
 d - a potion of might
 g - a potion of lignification
 i - a potion of heal wounds {unknown}
 m - a potion of curing {unknown}
 p - a potion of ambrosia {unknown}
 r - a potion of brilliance {unknown}
 w - a potion of invisibility {unknown}
 z - a potion of agility {unknown}
 A - 2 potions of degeneration {unknown}
 B - a potion of flight {unknown}
Comestibles
 f - 2 bread rations
 h - a meat ration
 o - 3 royal jellies


   Skills:
 + Level 6.8 Fighting
 + Level 5.6 Maces & Flails
 + Level 6.7 Armour
 + Level 6.1 Shields


You had 7 spell levels left.
You didn't know any spells.

Dungeon Overview and Level Annotations

Branches:
Dungeon (4/15)
 Temple: D:4-7

Altars:
Dithmenos
Uskayaw
The Shining One

Annotations:
D:4 Grinder


Innate Abilities, Weirdness & Mutations

Shadows flee at your approach. (+LOS)
You can swim through water.
You cover ground slowly.
You can hop short distances.


Message History

You are too injured to fight recklessly!
Unknown command.
You are too injured to fight recklessly!
You hit Grinder.
Grinder is heavily wounded.
Grinder gestures at you. Pain shoots through your body!
Your scale mail prevents you from hitting Grinder.
Grinder is moderately wounded.
Grinder hits you.
* * * LOW HITPOINT WARNING * * *
You writhe in agony.
* * * LOW HITPOINT WARNING * * *
You closely miss Grinder.
Grinder is moderately wounded.
Grinder blinks!
Grinder says, "DUCK!"
Grinder gestures at you. Pain shoots through your body!
You die...

#############.#
#..5..@ยง......#
#.#############
#.# #.# #.# #.#
#.# #.# #.#


You could see Grinder.

Vanquished Creatures
  Menkaure (D:4)
  3 ogres (D:4)
  A phantom (D:4)
  2 elf skeletons (D:4)
  3 scorpions
  A hound (D:2)
  A human zombie (D:4)
  3 human skeletons (D:4)
  Natasha (twice) (D:4 D:3)
  An iguana (D:4)
  A worker ant (D:4)
  7 adders
  An ooze (D:1)
  4 dart slugs (D:1)
  5 leopard geckos
  4 orcs (D:4)
  6 bats
  2 giant cockroaches
  7 goblins
  11 hobgoblins
  7 jackals (D:1)
  8 kobolds
  3 quokkas
  5 frilled lizards
  4 rats
93 creatures vanquished.

Notes
Turn   | Place    | Note
-------+----------+-------------------------------------------
     0 | D:1      | Heskey the Barachi Fighter began the quest for the Orb.
     0 | D:1      | Reached XP level 1. HP: 18/18 MP: 1/1
    49 | D:1      | Reached XP level 2. HP: 20/25 MP: 2/2
   523 | D:1      | Reached XP level 3. HP: 28/30 MP: 3/3
  1082 | D:2      | Reached XP level 4. HP: 33/37 MP: 4/4
  1312 | D:2      | Reached XP level 5. HP: 25/43 MP: 5/5
  1815 | D:2      | Found a hide-covered altar of Uskayaw.
  1852 | D:2      | Found a glowing golden altar of the Shining One.
  2351 | D:3      | Found a shadowy altar of Dithmenos.
  2409 | D:3      | Reached skill level 5 in Fighting
  2545 | D:4      | Noticed an ogre
  2555 | D:4      | Killed an ogre
  2555 | D:4      | Reached skill level 5 in Armour
  2555 | D:4      | Reached XP level 6. HP: 46/51 MP: 6/6
  2698 | D:4      | Noticed Natasha
  2712 | D:4      | Killed Natasha
  2733 | D:4      | Noticed Menkaure
  2739 | D:4      | Killed Menkaure
  2739 | D:4      | Reached skill level 5 in Shields
  2739 | D:4      | Reached XP level 7. HP: 38/57 MP: 7/7
  2766 | D:4      | Noticed Natasha
  2808 | D:3      | Killed Natasha
  3095 | D:4      | Reached skill level 5 in Maces & Flails
  3146 | D:4      | Reached XP level 8. HP: 56/65 MP: 8/8
  3338 | D:4      | Noticed Grinder
  3344 | D:4      | Paralysed by Grinder for 4 turns
  3351 | D:4      | Paralysed by Grinder for 5 turns
  3358 | D:4      | Killed from afar by Grinder

Vault maps used:
D:1:      lemuel_arrival_funnel, moated_statue,
          hangedman_abyss_or_decor_lesser_grid
D:2:      minitemple
D:3:      grunt_dithmenos_smoke_and_mirrors
D:4:      nicolae_ossuary_entry_catacombs, serial_shops, shop, first_bread,
          uniq_grinder, uniq_menkaure, uniq_natasha

Skill      XL: |  1  2  3  4  5  6  7  8 |
---------------+-------------------------+-----
Fighting       | 4 5 6 |  6.8
Armour         | 4 5 6 |  6.7
Maces & Flails | 3 4 5 |  5.6
Shields        | 4 5 6 |  6.1

Action                   |  1- 3 |  4- 6 |  7- 9 || total
-------------------------+-------+-------+-------++-------
Melee: Flail             |   112 |   196 |   155 ||   463
 Abil: Hop               |       |       |     1 ||     1
  Use: Scroll            |       |       |     4 ||     4
       Potion            |       |       |     1 ||     1
  Eat: Chunk             |       |     4 |       ||     4
       Meat ration       |       |     1 |       ||     1
       Royal jelly       |       |       |     1 ||     1
Armor: Scale mail        |    71 |    94 |    39 ||   204
       Skin              |       |       |     1 ||     1
Dodge: Dodged            |    44 |    59 |    28 ||   131
Block: Shield            |    63 |   112 |    84 ||   259

Table legend:
 A = Spawn XP
 B = Non-spawn XP
 C = Spawn XP percentage of total XP
 D = Spawn monster count
 E = Non-spawn monster count
 F = Spawn count percentage of total count
 G = Total turns spent on level
                    A         B        C        D         E        F      G
               +---------+---------+-------+---------+---------+-------+---------
         Total |       0 |    1571 |   0.0 |       0 |      93 |   0.0 |  3358
               +---------+---------+-------+---------+---------+-------+---------
           D:1 |       0 |      64 |   0.0 |       0 |      27 |   0.0 |  1041
           D:2 |       0 |     168 |   0.0 |       0 |      28 |   0.0 |   941
           D:3 |       0 |     117 |   0.0 |       0 |      14 |   0.0 |   753
           D:4 |       0 |    1222 |   0.0 |       0 |      24 |   0.0 |   623
               +---------+---------+-------+---------+---------+-------+---------
